 Dungeon Crawl Stone Soup version 0.32-a0-918-g0f22ef8d61 (webtiles) character file.

Game seed: 12310571224941235057

15589 HilariousDeathArtist the Destroyer (level 12, -9/91 HPs)
             Began as a Coglin Conjurer on Apr 11, 2024.
             Was a High Priest of Lugonu.
             Mangled by a white ugly thing (11 damage)
             ... on level 11 of the Dungeon.
             The game lasted 00:20:54 (15188 turns).

HilariousDeathArtist the Destroyer (CoCj)          Turns: 15188, Time: 00:20:54

Health: -9/91      AC: 15    Str:  7    XL:     12   Next: 28%
Magic:  20/24      EV: 10    Int: 28    God:    Lugonu [*****.]
Gold:   887        SH:  0    Dex: 16    Spells: 16/28 levels left

rFire   . . .        a - +8 mithril axe "Arga" {speed, Will+}
rCold   + + .        j - +5 trident of Ypilehir {flame, rElec Int+2 Dex+3}
rNeg    . . .        o - +3 leather armour {rC+}
rPois   .            e - +2 helmet {Int+3}
rElec   +            b - +2 cloak {rC+}
rCorr   .            (no gloves)
SInv    .            G - +0 pair of boots
Will    +....        (amulet unavailable)
Stlth   ++           (ring unavailable)
HPRegen 0.35/turn    (ring unavailable)
MPRegen 0.19/turn    (no gizmo)

%: no passive effects
@: no status effects
A: off-hand wielding, slow wielding, warmup strikes, no jewellery, iridescent
scales 1, MP-powered wands
a: Invent Gizmo, Renounce Religion, Depart the Abyss, Banish, Corrupt, Enter the
Abyss


You were on level 11 of the Dungeon.
You worshipped Lugonu.
Lugonu was extremely pleased with you.
You visited 1 branch of the dungeon, and saw 11 of its levels.
You also visited: Bailey and Ice Cave.

You collected 1287 gold pieces.
You spent 400 gold pieces at shops.

Inventory:

Hand Weapons
 a - the +8 mithril axe "Arga" (weapon) {speed, Will+}
   (You took it off a spriggan in a bailey)

   Will+:     It increases your willpower.
 j - the +5 trident of Ypilehir (offhand) {flame, rElec Int+2 Dex+3}
   (You found it on level 2 of the Dungeon)

   Int+2:     It affects your intelligence (+2).
   Dex+3:     It affects your dexterity (+3).
   rElec:     It insulates you from electricity.
Missiles
 r - a curare-tipped dart
Armour
 b - a +2 cloak of cold resistance (worn)
   (You found it in an ice cave)
 e - a +2 helmet of intelligence (worn)
   (You found it on level 3 of the Dungeon)
 o - a +3 leather armour of cold resistance (worn)
   (You took it off Eustachio on level 4 of the Dungeon)
 G - a +0 pair of boots (worn)
   (You found it on level 9 of the Dungeon)
Wands
 d - a wand of digging (6)
   (You found it on level 7 of the Dungeon)
 h - a wand of warping (10)
   (You took it off Maggie on level 6 of the Dungeon)
 p - a wand of paralysis (2)
   (You found it on level 7 of the Dungeon)
 q - a wand of flame (17)
   (You found it on level 2 of the Dungeon)
Scrolls
 c - 3 scrolls of enchant weapon
 g - a scroll of fog
 i - 3 scrolls of noise {!r}
 t - a scroll of brand weapon
 u - 3 scrolls of amnesia
 D - a scroll of blinking {!r}
 E - a scroll of fear
 K - a scroll of immolation {!r}
 L - a scroll of enchant armour
 O - 2 scrolls of silence
 V - a scroll of vulnerability {!r!r}
 Y - 8 scrolls of teleportation {@r3}
Potions
 l - 2 potions of cancellation {unknown}
 m - a potion of enlightenment
 x - a potion of resistance {unknown}
 B - 2 potions of brilliance
 H - 2 potions of haste
 I - a potion of invisibility
 J - 3 potions of curing {@q1}
 M - 5 potions of magic
 U - a potion of mutation {!q}


   Skills:
 + Level 7.0 Fighting
 + Level 4.5 Axes
 - Level 1.7 Dodging
 - Level 1.5 Stealth
 + Level 8.9 Spellcasting
 + Level 10.1 Conjurations
 * Level 7.6 Fire Magic
 + Level 4.1 Invocations
 + Level 3.9 Evocations


You had 16 spell levels left.
You knew the following spells:

 Your Spells              Type           Power      Damage    Failure   Level
c - Searing Ray           Conj           100%       2d8       1%          2
x - Starburst             Conj/Fire      29%        6d9       26%         6
z - Iskenderun's Mystic Conj/Tloc 41%            2d9        (+2d5     9%          4

Your spell library contained the following spells:

 Spells                   Type           Power      Damage    Failure   Level
 Magic Dart               Conj           100%       1d8       1%          1
 Shock                    Conj/Air       100%       1d9       1%          1
 Dazzling Flash           Conj/Hex       82%        N/A       2%          3
 Hailstorm                Conj/Ice       41%        3d9       2%          3
 Fulminant Prism          Conj/Alch      20%        3d12      9%          4
 Call Imp                 Summ           24%        N/A       11%         2
 Cigotuvi's Dreadful Rot  Necr/Alch/Air  24%        N/A       11%         2
 Sublimation of Blood     Necr           12%        N/A       11%         2
 Frozen Ramparts          Ice            24%        1d4       21%         3
 Ozocubu's Armour         Ice            12%        N/A       21%         3
 Summon Ice Beast         Ice/Summ       12%        N/A       21%         3
 Swiftness                Air            12%        N/A       21%         3
 Airstrike                Air            6%         2d(1-17)  56%         4
 Dispel Undead            Necr           12%        3d9       56%         4
 Martyr's Knell           Necr/Summ      12%        N/A       56%         4
 Metabolic Englaciation   Hex/Ice        6%         N/A       88%         5
 Permafrost Eruption      Ice/Erth       6%         2x4d2     100%        6
 Sculpt Simulacrum        Ice/Alch       6%         N/A       100%        6
 Summon Hydra             Summ           6%         N/A       100%        7
 Maxwell's Capacitive Co  Air            6%         ∞         100%        8


Dungeon Overview and Level Annotations

Branches:
Dungeon (11/15)            Temple (0/1) D:7            Lair (0/5) D:10
    Orc (0/2) D:10         Bailey (visited)           IceCv (visited)

Altars:
Ashenzari
Dithmenos
Elyvilon
Fedhas
Gozag
Ru
Wu Jian
Xom
Zin
Lugonu

Shops:
D:2 *   D:7 *   D:9 *   D:10 [   D:11 [

Annotations:
D:2 Terence
D:10 Maurice


Innate Abilities, Weirdness & Mutations

You can wield a second weapon in your off-hand.
It takes a long time for you to wield or remove held weapons.
Your first few attacks do less damage.
You cannot equip rings or amulets.
You are partially covered in iridescent scales. (AC +2)
You expend magic power (3 MP) to strengthen your wands.


Message History

The yak bellows!
A yak comes into view.
The yak bellows! x2; You hear a bellow! x2
You reach to attack!
You hit the yak with the +5 trident of Ypilehir.
You burn the yak.
You hit the yak with the +8 mithril axe "Arga".
You hit the yak but do no damage. The yak gores you.
A yak comes into view.
You take 5 damage, and have 86/91 hp.
You hit the yak with the +8 mithril axe "Arga". x2
You hit the yak with the +5 trident of Ypilehir.
You burn the yak. The yak gores you.
A yak comes into view.
The yak gores you but does no damage.
You take 5 damage, and have 81/91 hp.
You slash the yak with the +8 mithril axe "Arga"! x2
You barely miss the yak with the +5 trident of Ypilehir.
The yak barely misses you.
You hit the yak with the +8 mithril axe "Arga". x3
You barely miss the yak with the +5 trident of Ypilehir.
The yak gores you.
A yak comes into view.
The yak gores you. The yak misses you. The yak barely misses you.
The yak gores you! The yak gores you.
You take 15 damage, and have 66/91 hp.
You barely miss the yak with the +5 trident of Ypilehir.
You hit the yak with the +8 mithril axe "Arga".
You kill the yak!
Lugonu accepts your kill.
You hit the yak with the +8 mithril axe "Arga".
You slash the yak with the +8 mithril axe "Arga"!
The yak barely misses you. x2
You hit the yak but do no damage.
You hit the yak with the +8 mithril axe "Arga".
You slash the yak with the +8 mithril axe "Arga"!
You hit the yak with the +8 mithril axe "Arga".
The yak barely misses you.
The yak snorts and paws the ground.
The yak gores you. The yak barely misses you.
You take 3 damage, and have 64/91 hp.
You hit the yak with the +5 trident of Ypilehir.
You burn the yak.
You hit the yak with the +8 mithril axe "Arga". x3
The yak gores you but does no damage. The yak barely misses you.
You barely miss the yak with the +5 trident of Ypilehir.
You slash the yak with the +8 mithril axe "Arga"!
You kill the yak!
Lugonu accepts your kill.
You hit the yak with the +8 mithril axe "Arga".
You hit the yak but do no damage. x2; The yak misses you.
The yak closely misses you. The yak gores you.
You take 3 damage, and have 61/91 hp.
You slash the yak with the +8 mithril axe "Arga"!
You kill the yak!
Lugonu accepts your kill.
You hit the yak with the +8 mithril axe "Arga".
You hit the yak but do no damage.
You slash the yak with the +8 mithril axe "Arga"!
The yak gores you. The yak gores you! x2
You take 19 damage, and have 42/91 hp.
MASSIVE DAMAGE!!
The yak gores you!
You take 7 damage, and have 35/91 hp.
Okay, then.
Press: ? - help, Dir - look around, f - activate The bolt of fire hits the yak!!
You kill the yak!
Lugonu accepts your kill.
The bolt of fire misses the yak.
The bolt of fire hits the yak!!
The yak gores you!
* * * LOW HITPOINT WARNING * * *
The yak gores you!
* * * LOW HITPOINT WARNING * * *
You take 21 damage, and have 14/91 hp.
MASSIVE DAMAGE!!
You now have 18/24 mp.
The yak attacks as it pursues you! The yak misses you.
The yak attacks as it pursues you! The yak gores you but does no damage.
The yak attacks as it pursues you! The yak gores you but does no damage.
The yak attacks as it pursues you! The yak closely misses you.
The yak gores you but does no damage. The yak attacks as it pursues you!
The yak gores you but does no damage. The yak attacks as it pursues you!
The yak gores you but does no damage. The yak attacks as it pursues you!
The yak gores you but does no damage.
Things that are here:
a +0 giant spiked club; a +0 giant club You enter a teleport trap!
The teleport trap disappears.
Your surroundings suddenly seem different.
A white ugly thing, an orc knight, a manticore and a centaur come into view.
The orc knight shouts!
The centaur shouts!
The manticore bites you.
* * * LOW HITPOINT WARNING * * *
The manticore barely misses you. The manticore claws you!
* * * LOW HITPOINT WARNING * * *
The white ugly thing trunk-slaps you.
* * * LOW HITPOINT WARNING * * *
The white ugly thing freezes you! You resist.
You die...

......###o##*,,*,,*,,,,,*,,*,,*,,
......##.###*,,*,,*,,,,,*,,,,,*,,
.##...+#.##*+,,,,,+,,,,,+*,,,*+,*
#*##..#,***,*,,*,,*,,,,,*,,,,,**,
.###..#,,,,,*,,*,,*,,,,,*,,*,,*,*
...#..#**+**###+###**+*****+*****
......#,,,,,#.....#,,**,*,*,*,*,,
###...#,*,*,#..(u.#,*,,**,*,*,*,*
#.....+,*,*,+.[o@.+*,,,*+*,,*,+,*
#..##.#,*,*,#..cH.#*,,*,**,*,,*,*
##....#,*,*,#.....#,**,,**,*,**,,
##...#**+**###+###**+*****+*****
#...#,*,,**⌠,,,⌠* *,,,**,*,**,,
##..#*,,*,*,,*,,****,,*,*,*,*,*
#..+,,*,,+,***,+,*,*,+*,*,*+,,
##.#,*,,**,,*,,*,,****,*,*,*,*
#.#*,,*,*⌠,,,⌠*,,,* **,*,**,,


You could see an orc knight, a white ugly thing, a manticore and a centaur.

Vanquished Creatures
  An ice dragon (IceCv)
  6 two-headed ogres
  A deep elf pyromancer (D:11)
  An ugly thing (D:7)
  A gargoyle (D:11)
  2 ice statues (IceCv)
  Jeremiah (D:6)
  Maggie (D:6)
  4 rime drakes (IceCv)
  A troll (D:8)
  A hornet (D:9)
  Prince Ribbit (D:9)
  Sigmund (D:3)
  4 spriggans (Bailey)
  2 shadows
  A vampire (D:9)
  A basilisk (D:10)
  11 yaks
  Eustachio (D:4)
  3 wraiths
  A wyvern (D:6)
  A steam dragon (Bailey)
  A vampire mosquito (D:7)
  A water moccasin (D:6)
  3 orc warriors
  2 sky beasts
  4 ogres
  4 centaurs
  A phantom (D:3)
  3 kobold brigands
  3 bullfrogs (D:7)
  3 scorpions
  8 wights
  6 killer bees (D:9)
  6 komodo dragon simulacra (IceCv)
  4 jellies
  2 bombardier beetles
  A gnoll bouda (D:4)
  4 orc priests
  2 hounds (D:5)
  2 sleepcaps
  4 iguanas
  3 orc wizards
  3 gnolls (D:4)
  9 acid dragon simulacra (IceCv)
  4 adders
  A white imp (D:6)
  2 ufetubi (D:5)
  6 steam dragon simulacra (IceCv)
  A ribbon worm (D:4)
  A dart slug (D:2)
  30 orcs
  3 bats (D:1)
  10 endoplasms
  4 giant cockroaches
  15 goblins
  8 hobgoblins
  6 jackals
  16 kobolds
  4 quokkas
  6 ball pythons
  5 frilled lizards
  10 rats
258 creatures vanquished.

Vanquished Creatures (collateral kills)
  An orc warrior (D:11)
  2 orcs (D:11)
3 creatures vanquished.

Grand Total: 261 creatures vanquished

Notes
Turn   | Place    | Note
-------+----------+-------------------------------------------
     0 | D:1      | HilariousDeathArtist the Coglin Conjurer began the quest
                  | for the Orb.
     0 | D:1      | Reached XP level 1. HP: 13/13 MP: 3/3
   306 | D:1      | Reached skill level 2 in Spellcasting
   478 | D:1      | Reached XP level 2. HP: 19/19 MP: 1/5
   714 | D:1      | Found a faded altar of an unknown god.
   718 | D:1      | Prayed at the altar of an unknown god.
   718 | D:1      | Became a worshipper of Lugonu the Unformed
   718 | D:1      | Reached * piety under Lugonu
   791 | D:1      | Reached skill level 4 in Conjurations
   955 | D:1      | Reached XP level 3. HP: 24/24 MP: 4/6
  1331 | D:2      | Identified the +5 trident of Ypilehir {flame, rElec Int+2
                  | Dex+3}
  1707 | D:2      | Found Meushraut's General Store.
  1715 | D:2      | Bought a scroll of teleportation for 42 gold pieces
  1816 | D:2      | Noticed Terence
  2302 | D:2      | Reached ** piety under Lugonu
  2634 | D:2      | Bought a scroll of identify for 28 gold pieces
  2707 | D:3      | Noticed a phantom
  2725 | D:2      | Reached XP level 4. HP: 28/30 MP: 6/8
  2824 | D:3      | Reached skill level 3 in Spellcasting
  2917 | D:3      | Found a broken altar of Ashenzari.
  2917 | D:3      | Found a blossoming altar of Fedhas.
  2975 | D:3      | Reached XP level 5. HP: 31/35 MP: 4/9
  3150 | D:3      | Killed a phantom
  3151 | D:3      | Reached skill level 5 in Conjurations
  3333 | D:3      | Noticed Sigmund
  3354 | D:3      | Killed Sigmund
  3355 | D:3      | Reached skill level 4 in Spellcasting
  3355 | D:3      | Reached XP level 6. HP: 31/41 MP: 1/12
  3636 | D:4      | Found a white marble altar of Elyvilon.
  3641 | D:4      | Reached XP level 7. HP: 46/46 MP: 13/13
  3712 | D:4      | Noticed Eustachio
  3740 | D:4      | Killed Eustachio
  3741 | D:4      | Reached skill level 6 in Conjurations
  3901 | D:4      | Reached skill level 5 in Spellcasting
  4032 | D:4      | Noticed a yak
  4032 | D:4      | Noticed a yak
  4032 | D:4      | Noticed a yak
  4032 | D:4      | Noticed a yak
  4056 | D:4      | Killed a yak
  4057 | D:4      | Reached XP level 8. HP: 20/52 MP: 14/16
  4083 | D:4      | HP: 12/52 [yak (4)]
  4115 | D:4      | Killed a yak
  4115 | D:4      | Reached *** piety under Lugonu
  4116 | D:4      | Reached skill level 7 in Conjurations
  4117 | D:4      | HP: 10/52 [yak (10)]
  4329 | D:4      | Gained mutation: You are partially covered in iridescent
                  | scales. (AC +2) [potion of mutation]
  4329 | D:4      | Gained mutation: You expend magic power (3 MP) to
                  | strengthen your wands. [potion of mutation]
  4339 | D:4      | Killed a yak
  4340 | D:4      | Reached skill level 6 in Spellcasting
  4343 | D:4      | HP: 19/78 [yak (3)]
  4344 | D:4      | Killed a yak
  4831 | D:4      | Learned a level 2 spell: Searing Ray
  4836 | D:4      | Learned a level 4 spell: Iskenderun's Mystic Blast
  4875 | D:5      | Entered Level 5 of the Dungeon
  5192 | D:5      | Learned a level 6 spell: Starburst
  5216 | D:5      | You fall into a shaft and drop 1 floor!
  5286 | D:6      | Reached skill level 1 in Fighting
  5286 | D:6      | Reached skill level 8 in Conjurations
  5286 | D:6      | Reached XP level 9. HP: 31/59 MP: 12/19
  5352 | D:6      | Reached skill level 1 in Fire Magic
  5888 | D:5      | Reached skill level 2 in Fighting
  6351 | D:6      | Reached skill level 2 in Fire Magic
  6530 | D:6      | Reached skill level 7 in Spellcasting
  6573 | D:6      | Noticed Maggie
  6715 | D:6      | HP: 11/62 [Maggie/+1 heavy long sword (17)]
  6721 | D:6      | Killed Maggie
  6722 | D:6      | Reached skill level 3 in Fighting
  6923 | D:6      | Found an ornate altar of the Wu Jian Council.
  7095 | D:6      | Noticed Jeremiah
  7104 | D:6      | Reached skill level 3 in Fire Magic
  7113 | D:6      | Killed Jeremiah
  7466 | D:7      | Reached skill level 4 in Fighting
  7489 | D:7      | Reached XP level 10. HP: 65/71 MP: 4/21
  7555 | D:7      | Found a staircase to the Ecumenical Temple.
  7601 | D:7      | Found a flagged portal.
  7612 | D:7      | Reached **** piety under Lugonu
  7620 | D:7      | Reached skill level 9 in Conjurations
  7674 | Bailey   | Entered a bailey
  7686 | Bailey   | Reached skill level 4 in Fire Magic
  7827 | Bailey   | Noticed a two-headed ogre
  7844 | Bailey   | Killed a two-headed ogre
  7845 | Bailey   | Reached skill level 1 in Invocations
  8075 | Bailey   | Reached skill level 5 in Fighting
  8218 | Bailey   | Reached skill level 8 in Spellcasting
  8544 | D:7      | Reached skill level 2 in Invocations
  8592 | D:7      | Noticed a green ugly thing
  8601 | D:7      | Killed a green ugly thing
  8602 | D:7      | Reached skill level 1 in Axes
  8731 | D:7      | Reached skill level 5 in Fire Magic
  8762 | D:7      | Found Zukkaop's Assorted Antiques.
  8862 | D:7      | Bought a scroll labelled LERCHE HIXZIET for 33 gold pieces
  8862 | D:7      | Bought a potion of curing for 99 gold pieces
  8862 | D:7      | Bought a potion of curing for 99 gold pieces
  8862 | D:7      | Bought a scroll of teleportation for 99 gold pieces
 10079 | D:8      | Reached skill level 2 in Axes
 10079 | D:8      | Reached XP level 11. HP: 68/80 MP: 19/23
 10903 | D:9      | Noticed a two-headed ogre
 10911 | D:9      | Killed a two-headed ogre
 11036 | D:9      | Noticed a two-headed ogre
 11045 | D:9      | HP: 19/81 [two-headed ogre/+0 giant spiked club (4)]
 11047 | D:9      | Killed a two-headed ogre
 11048 | D:9      | Reached skill level 3 in Invocations
 11270 | D:9      | Reached skill level 6 in Fire Magic
 11293 | D:9      | Reached skill level 6 in Fighting
 11459 | D:9      | Noticed a two-headed ogre
 11467 | D:9      | HP: 16/81 [two-headed ogre/+0 giant club (24)]
 11468 | D:9      | Killed a two-headed ogre
 11469 | D:9      | Reached skill level 3 in Axes
 11697 | D:9      | Found Socaecri's Superlative Supplies.
 11749 | D:9      | Found the +10 Black Knight's barding {ponderous, rPois rN+}
 11781 | D:9      | Found an opulent altar of Gozag.
 12079 | D:9      | Found a sacrificial altar of Ru.
 12113 | D:9      | Noticed Prince Ribbit
 12117 | D:9      | Killed Prince Ribbit
 12179 | D:10     | Entered Level 10 of the Dungeon
 12193 | D:10     | HP: 11/81 [orc warrior/+0 war axe (11)]
 12196 | D:9      | HP: 5/81 [orc warrior/+0 war axe (7)]
 12597 | D:10     | Found a staircase to the Orcish Mines.
 12598 | D:10     | Found Siulops's Armour Emporium.
 12640 | D:9      | HP: 11/81 [something (11)]
 12644 | D:9      | HP: 2/81 [something (9)]
 13211 | D:10     | Reached skill level 1 in Evocations
 13233 | D:10     | Found a glowing silver altar of Zin.
 13349 | D:10     | Found a shimmering altar of Xom.
 13441 | D:10     | Found a shadowy altar of Dithmenos.
 13493 | D:10     | Noticed Maurice
 13588 | D:10     | Found a staircase to the Lair.
 13704 | D:11     | Found Ytzorch's Armour Emporium.
 13714 | D:11     | Noticed a two-headed ogre
 13716 | D:11     | Noticed a deep elf pyromancer
 13737 | D:11     | Killed a two-headed ogre
 13741 | D:11     | Reached skill level 2 in Evocations
 13761 | D:11     | Killed a deep elf pyromancer
 13799 | D:11     | Found a frozen archway.
 13799 | D:11     | Noticed a two-headed ogre
 13805 | D:11     | HP: 20/83 [two-headed ogre/+0 giant club (21)]
 13807 | D:11     | Killed a two-headed ogre
 13808 | D:11     | Reached skill level 10 in Conjurations
 13808 | D:11     | Reached skill level 7 in Fire Magic
 13992 | IceCv    | Entered an ice cave
 14000 | IceCv    | Reached skill level 4 in Axes
 14219 | IceCv    | Reached skill level 3 in Evocations
 14219 | IceCv    | Reached XP level 12. HP: 56/89 MP: 24/24
 14652 | IceCv    | Reached ***** piety under Lugonu
 14730 | IceCv    | Noticed an ice dragon
 14741 | IceCv    | Reached skill level 4 in Invocations
 14748 | IceCv    | HP: 4/89 [something (22)]
 14753 | IceCv    | Killed an ice dragon
 14755 | IceCv    | HP: 14/89 [rime drake/icy flash freeze (9)]
 14756 | IceCv    | Reached skill level 7 in Fighting
 15015 | IceCv    | Identified the ring "Cumnel" {rPois Will+ rCorr MP-9 Str+2}
 15175 | D:11     | HP: 14/91 [yak (10)]
 15188 | D:11     | HP: 16/91 [manticore (2)]
 15188 | D:11     | HP: 7/91 [manticore (9)]
 15188 | D:11     | HP: 2/91 [white ugly thing (5)]
 15188 | D:11     | Mangled by a white ugly thing

Illustrated notes

Levels and vault maps discovered:
D:1:      dpeg_arrival_three_smaller_balls, layout_basic,
          ebering_ecumenical_altar_rust, st_stairs_12
D:2:      layout_loops_corners, serial_shops, shop,
          chequers_serial_rivers_large_b, minmay_misc_feat_rows, uniq_terence
D:3:      layout_basic, mainiacjoe_overflow_catwalk_spiral, grunt_ministairs_9,
          ebering_dispersal_statue_hall, serial_bayou_ford_a, uniq_sigmund
D:4:      layout_loops_ring, elyvilon_altar_5, minmay_gold_behind_fungi,
          uniq_eustachio
D:5:      layout_loops_ring
D:6:      layout_basic, pdpol_wu_jian_five_deadly_venoms, uniq_maggie,
          uniq_jeremiah
D:7:      minmay_chambers_of_sixes, layout_basic, temple_green, enter_bailey_5,
          serial_shops, shop
D:8:      layout_loops_corners, lemuel_flame_loot_1
D:9:      hellmonk_destroyed_diamonds, layout_loops_ring,
          nicolae_gozag_seed_capital, mainiacjoe_overflow_24_doors,
          nicolae_alphabet_shops, nicolae_twisty_statue_hallways,
          uniq_prince_ribbit1
D:10:     layout_basic, marbit_many_paths, pf_just_have_faith, kennysheep_mini,
          lair_entry_dummy, orc_david_3, uniq_maurice
D:11:     minmay_the_grid_square_5x5_5x5 [minmay_the_grid_square_5x5_meh,
          minmay_the_grid_square_5x5_minibox,
          minmay_the_grid_square_5x5_half_checkered,
          minmay_the_grid_square_5x5_detours, minmay_the_grid_square_5x5_comb,
          minmay_the_grid_square_5x5_checkered,
          minmay_the_grid_square_5x5_prize_waves,
          minmay_the_grid_square_5x5_fat_x,
          minmay_the_grid_square_5x5_prize_snowflake,
          minmay_the_grid_square_5x5_n_small,
          minmay_the_grid_square_5x5_inverted_slash,
          minmay_the_grid_square_5x5_gyroscope,
          minmay_the_grid_square_5x5_prize_gold,
          minmay_the_grid_square_5x5_forky,
          minmay_the_grid_square_5x5_three_small,
          minmay_the_grid_square_5x5_shrine2,
          minmay_the_grid_square_5x5_prize_open,
          minmay_the_grid_square_5x5_bridge,
          minmay_the_grid_square_5x5_prize_rear_guard,
          minmay_the_grid_square_5x5_n, minmay_the_grid_square_5x5_lines,
          minmay_the_grid_square_5x5_three, minmay_the_grid_square_5x5_seven,
          minmay_the_grid_square_5x5_minimal,
          minmay_the_grid_square_5x5_trominoes], layout_cave_pools,
          serial_shops, nicolae_shop_competitors_out_of_business,
          portal_ice_cave_entry_pillars_2

Skill      XL: |  1  2  3  4  5  6  7  8  9 10 11 12 |
---------------+-------------------------------------+-----
Spellcasting   | 2 3 4 5 6 7 8 |  8.9
Conjurations   | 4 5 6 8 9 10 | 10.1
Fighting       | 1 4 5 6 7 |  7.0
Fire Magic     | 3 5 7 |  7.6
Invocations    | 2 3 4 |  4.1
Axes           | 2 4 |  4.5
Evocations     | 3 |  3.9
Dodging        | |  1.7
Stealth        | |  1.5

Action                     |  1- 3 |  4- 6 |  7- 9 | 10-12 || total
---------------------------+-------+-------+-------+-------++-------
  Melee: War axe           |    19 |       |       |       ||    19
         Staff             |    27 |     9 |   114 |       ||   150
         Trident           |    22 |    23 |   157 |   210 ||   412
         Broad axe         |       |       |       |   157 ||   157
   Cast: Magic Dart        |    61 |    42 |    88 |   118 ||   309
         Searing Ray       |       |       |    25 |    41 ||    66
         Iskenderun's Myst |       |       |       |     6 ||     6
         Starburst         |       |       |       |     2 ||     2
  Evoke: Wand              |       |       |     2 |     3 ||     5
    Use: Scroll            |     4 |       |     5 |     8 ||    17
         Potion            |       |     1 |     8 |     3 ||    12
   Stab: Sleeping          |     3 |       |     2 |     3 ||     8
         Invisible         |       |       |     7 |       ||     7
 Armour: Robe              |    19 |    13 |    12 |       ||    44
         Leather armour    |       |       |   104 |   274 ||   378
         Skin              |       |       |    17 |       ||    17
  Dodge: Dodged            |    17 |    15 |    88 |   160 ||   280

Table legend: (Time is in decaauts)
 A = Elapsed time spent in this place.
 B = Non-inter-level travel time spent in this place.
 C = Inter-level travel time spent in this place.
 D = Time resting spent in this place.
 E = Time spent auto-exploring this place.
 F = Levels seen in this place.
 G = Mean time per level.
                   A        B        C        D        E       F      G
               +--------+--------+--------+--------+--------+-----+--------+
         Total |  15386 |  14924 |    462 |    534 |  12111 |  13 | 1183.5 |
       Dungeon |  13636 |  13174 |    462 |    263 |  11039 |  11 | 1239.6 |
        Bailey |    589 |    589 |      0 |      0 |    407 |   1 |  589.0 |
      Ice Cave |   1161 |   1161 |      0 |    271 |    664 |   1 | 1161.0 |
               +--------+--------+--------+--------+--------+-----+--------+

Top non-repeatable levels by time:
     D:9: 1961 daAuts
     D:6: 1691 daAuts
     D:8: 1575 daAuts
     D:2: 1553 daAuts
     D:4: 1341 daAuts
     D:1: 1337 daAuts
     D:7: 1298 daAuts
   IceCv: 1161 daAuts
     D:5: 888 daAuts
    D:10: 883 daAuts
     D:3: 762 daAuts
  Bailey: 589 daAuts
    D:11: 342 daAuts

Levels and vault maps discovered:
D:1:      dpeg_arrival_three_smaller_balls, layout_basic,
          ebering_ecumenical_altar_rust, st_stairs_12
D:2:      layout_loops_corners, serial_shops, shop,
          chequers_serial_rivers_large_b, minmay_misc_feat_rows, uniq_terence
D:3:      layout_basic, mainiacjoe_overflow_catwalk_spiral, grunt_ministairs_9,
          ebering_dispersal_statue_hall, serial_bayou_ford_a, uniq_sigmund
D:4:      layout_loops_ring, elyvilon_altar_5, minmay_gold_behind_fungi,
          uniq_eustachio
D:5:      layout_loops_ring
D:6:      layout_basic, pdpol_wu_jian_five_deadly_venoms, uniq_maggie,
          uniq_jeremiah
D:7:      minmay_chambers_of_sixes, layout_basic, temple_green, enter_bailey_5,
          serial_shops, shop
D:8:      layout_loops_corners, lemuel_flame_loot_1
D:9:      hellmonk_destroyed_diamonds, layout_loops_ring,
          nicolae_gozag_seed_capital, mainiacjoe_overflow_24_doors,
          nicolae_alphabet_shops, nicolae_twisty_statue_hallways,
          uniq_prince_ribbit1
D:10:     layout_basic, marbit_many_paths, pf_just_have_faith, kennysheep_mini,
          lair_entry_dummy, orc_david_3, uniq_maurice
D:11:     minmay_the_grid_square_5x5_5x5 [minmay_the_grid_square_5x5_meh,
          minmay_the_grid_square_5x5_minibox,
          minmay_the_grid_square_5x5_half_checkered,
          minmay_the_grid_square_5x5_detours, minmay_the_grid_square_5x5_comb,
          minmay_the_grid_square_5x5_checkered,
          minmay_the_grid_square_5x5_prize_waves,
          minmay_the_grid_square_5x5_fat_x,
          minmay_the_grid_square_5x5_prize_snowflake,
          minmay_the_grid_square_5x5_n_small,
          minmay_the_grid_square_5x5_inverted_slash,
          minmay_the_grid_square_5x5_gyroscope,
          minmay_the_grid_square_5x5_prize_gold,
          minmay_the_grid_square_5x5_forky,
          minmay_the_grid_square_5x5_three_small,
          minmay_the_grid_square_5x5_shrine2,
          minmay_the_grid_square_5x5_prize_open,
          minmay_the_grid_square_5x5_bridge,
          minmay_the_grid_square_5x5_prize_rear_guard,
          minmay_the_grid_square_5x5_n, minmay_the_grid_square_5x5_lines,
          minmay_the_grid_square_5x5_three, minmay_the_grid_square_5x5_seven,
          minmay_the_grid_square_5x5_minimal,
          minmay_the_grid_square_5x5_trominoes], layout_cave_pools,
          serial_shops, nicolae_shop_competitors_out_of_business,
          portal_ice_cave_entry_pillars_2

Table legend: (Time is in decaauts)
 A = Elapsed time spent in this place.
 B = Non-inter-level travel time spent in this place.
 C = Inter-level travel time spent in this place.
 D = Time resting spent in this place.
 E = Time spent auto-exploring this place.
 F = Levels seen in this place.
 G = Mean time per level.
                   A        B        C        D        E       F      G
               +--------+--------+--------+--------+--------+-----+--------+
         Total |  15386 |  14924 |    462 |    534 |  12111 |  13 | 1183.5 |
       Dungeon |  13636 |  13174 |    462 |    263 |  11039 |  11 | 1239.6 |
        Bailey |    589 |    589 |      0 |      0 |    407 |   1 |  589.0 |
      Ice Cave |   1161 |   1161 |      0 |    271 |    664 |   1 | 1161.0 |
               +--------+--------+--------+--------+--------+-----+--------+

Top non-repeatable levels by time:
     D:9: 1961 daAuts
     D:6: 1691 daAuts
     D:8: 1575 daAuts
     D:2: 1553 daAuts
     D:4: 1341 daAuts
     D:1: 1337 daAuts
     D:7: 1298 daAuts
   IceCv: 1161 daAuts
     D:5: 888 daAuts
    D:10: 883 daAuts
     D:3: 762 daAuts
  Bailey: 589 daAuts
    D:11: 342 daAuts

Table legend:
 A = Kills in this place as a percentage of kills in the entire game.
 B = Kills by you in this place as a percentage of kills by you in the entire game.
 C = Kills by friends in this place as a percentage of kills by friends in the entire game.
 D = Other kills in this place as a percentage of other kills in the entire game.
 E = Experience gained in this place as a percentage of experience gained in the entire game.
 F = Experience gained in this place divided by the number of levels of this place that you have seen.
                   A       B       C       D       E      F
               +-------+-------+-------+-------+-------+----------------------
         Total | 100.0 | 100.0 | 100.0 |   N/A | 100.0 | 1713.1
       Dungeon |  86.2 |  86.0 | 100.0 |   N/A |  74.2 | 1501.9
        Bailey |   3.1 |   3.1 |   0.0 |   N/A |   9.5 | 2117.0
      Ice Cave |  10.7 |  10.9 |   0.0 |   N/A |  16.3 | 3632.0
               +-------+-------+-------+-------+-------+----------------------
